 Dungeon Crawl Stone Soup version 0.31.0-32-g396128a36d (webtiles) character file.

Game seed: 5089564480791165342

3 booth the Vexing (level 1, -3/13 HPs)
             Began as a Demonspawn Wanderer on Mar 13, 2024.
             Slain by a hobgoblin (4 damage)
             ... on level 1 of the Dungeon.
             The game lasted 00:01:11 (120 turns).

booth the Vexing (Demonspawn Wanderer)               Turns: 120, Time: 00:01:11

Health: -3/13      AC:  2    Str: 10    XL:     1   Next: 41%
Magic:  0/3        EV: 11    Int: 17    God:
Gold:   12         SH:  4    Dex:  9    Spells: 3/4 levels left

rFire   . . .        a - +0 club
rCold   . . .        d - +0 buckler
rNeg    . . .        c - +0 robe
rPois   .            (no helmet)
rElec   .            (no cloak)
rCorr   .            (no gloves)
SInv    .            (no boots)
Will    .....        (no amulet)
Stlth   +            (no ring)
HPRegen 0.22/turn    (no ring)
MPRegen 0.08/turn

%: no passive effects
@: no status effects
A: no striking features
a: no special abilities


You were on level 1 of the Dungeon.
You visited 1 branch of the dungeon, and saw 1 of its levels.

You collected 12 gold pieces.

Inventory:

Hand Weapons
 a - a +0 club (weapon)
Armour
 c - a +0 robe (worn)
 d - a +0 buckler (worn)
Potions
 b - a potion of berserk rage
 e - a potion of mutation {unknown}


   Skills:
 + Level 1.0 Dodging
 + Level 1.0 Stealth
 + Level 1.8 Shields
 + Level 2.0 Spellcasting
 + Level 2.0 Hexes
 + Level 1.8 Fire Magic


You had 3 spell levels left.
You knew the following spells:

 Your Spells              Type           Power      Damage    Failure   Level
a - Foxfire               Conj/Fire      16%        2x1d4     19%         1

Your spell library contained the following spells:

 Spells                   Type           Power      Damage    Failure   Level
 Slow                     Hex            32%        N/A       12%         1
 Inner Flame              Hex/Fire       8%         N/A       36%         3
 Sigil of Binding         Hex            8%         N/A       36%         3


Dungeon Overview and Level Annotations

Branches:
Dungeon (1/15)

Altars:


Message History

Your magical contamination has completely faded away.
Casting: Foxfire (safe; 19% risk of failure)
Confirm with . or Enter, or press ? or * to list all spells.
You don't have enough magic to cast this spell.
The rat bites you.
You closely miss the rat.
The rat is severely wounded.
The rat barely misses you.
You hit the rat but do no damage.
The rat is severely wounded.
A hobgoblin comes into view.
You block the rat's attack.
You hit the rat.
You kill the rat!
Things that are here:
a +0 club; a rat corpse
Casting: Foxfire (safe; 19% risk of failure)
Confirm with . or Enter, or press ? or * to list all spells.
You conjure some foxfire!
The foxfire hits the hobgoblin.
The hobgoblin is moderately wounded.
You barely miss the hobgoblin.
The hobgoblin is moderately wounded.
The foxfire hits the hobgoblin.
The hobgoblin is heavily wounded.
You barely miss the hobgoblin.
The hobgoblin is heavily wounded.
The hobgoblin hits you but does no damage.
The hobgoblin barely misses you.
You hit the hobgoblin but do no damage.
The hobgoblin is heavily wounded.
The hobgoblin hits you.
* * * LOW HITPOINT WARNING * * *
You closely miss the hobgoblin.
The hobgoblin is heavily wounded.
The hobgoblin closely misses you. The hobgoblin hits you.
* * * LOW HITPOINT WARNING * * *
Casting: Foxfire (safe; 19% risk of failure)
Confirm with . or Enter, or press ? or * to list all spells.
You conjure some foxfire!
The hobgoblin hits you.
You die...

##.## ##..##.# ##..###.# # ##...#
#.#### #.# ## ##...## #.##.. ...
.###########....# #.##.# #.#
..##.....##....## #.##.# #.#
....#####......#####.##.###.#
....## ##.....##@g...)......#
%....###......##v###.#.###..#####
......#......##......#...#.......
.............###########.#.#####.
##.##.#######..............#####.
......# #.##########.#.......
#.##### #.# #.#.###### #. #.#
#.#.# #. #.# #.#.#


You could see a hobgoblin (ally target).

Vanquished Creatures
  A kobold (D:1)
  A frilled lizard (D:1)
  2 rats (D:1)
4 creatures vanquished.

Vanquished Creatures (others)
  6 foxfires (D:1)
6 creatures vanquished.

Grand Total: 10 creatures vanquished

Notes
Turn   | Place    | Note
-------+----------+-------------------------------------------
     0 | D:1      | booth the Demonspawn Wanderer began the quest for the Orb.
     0 | D:1      | booth set off with the following items: a +0 club, a potion
                  | of berserk rage, a +0 robe, a +0 buckler; and the following
                  | spells available to memorise: Slow, Foxfire, Inner Flame,
                  | Sigil of Binding.
     0 | D:1      | Reached XP level 1. HP: 13/13 MP: 3/3
     2 | D:1      | Learned a level 1 spell: Foxfire
   120 | D:1      | Slain by a hobgoblin

Illustrated notes

Levels and vault maps discovered:
D:1:      minmay_arrival_pointy, layout_basic, minivault_19,
          minmay_misc_feat_rugged

Action                     || total
---------------------------++-------
  Melee: Club              ||    10
   Cast: Foxfire           ||     5
 Armour: Robe              ||     9
  Dodge: Dodged            ||     6
  Block: Buckler           ||     2
